 Dungeon Crawl Stone Soup version 0.26.1-11-gd32895ea62 (webtiles) character file.

Game seed: 11752698868224298757

14524 Zeld the Earth Mage (level 12, -10/59 HPs)
             Began as a Gargoyle Earth Elementalist on June 6, 2021.
             Was an Elder of Sif Muna.
             Mangled by a large abomination (32 damage)
             ... on level 11 of the Dungeon.
             The game lasted 00:28:59 (24130 turns).

Zeld the Earth Mage (Gargoyle Earth Elementalist)  Turns: 24130, Time: 00:28:59

Health: -10/59     AC: 13    Str: 13      XL:     12   Next: 17%
Magic:  19/25      EV: 16    Int: 16 (20) God:    Sif Muna [****..]
Gold:   888        SH:  0    Dex: 12 (16) Spells: 14/29 levels left

rFire    . . .     SeeInvis .   a - +0 quarterstaff
rCold    . . .     Faith    .   (shield currently unavailable)
rNeg     + . .     Spirit   .   c - +0 robe
rPois    ∞         Reflect  .   w - +0 helmet
rElec    +         Harm     .   (no cloak)
rCorr    .         Rampage  .   z - +1 pair of gloves of Cac Vaigh {Dex+6}
Will     .....                  (no boots)
Stlth    +.........             (no amulet)
HPRegen  0.19/turn              (no ring)
MPRegen  0.19/turn              (no ring)

@: confused
A: [blurry vision 2], negative energy resistance 1, [screaming 1], electricity
resistance, unbreathing, petrification resistance, miasma immunity, [subdued
magic 1], AC +8
a: Renounce Religion, Channel Magic, Forget Spell, Divine Exegesis


You were on level 11 of the Dungeon.
You worshipped Sif Muna.
Sif Muna was greatly pleased with you.
You visited 2 branches of the dungeon, and saw 13 of its levels.
You visited the Abyss 2 times.
You also visited: Ossuary.

You collected 888 gold pieces.

Inventory:

Hand Weapons
 a - a +0 quarterstaff (weapon)
Missiles
 b - 189 stones (quivered)
Armour
 c - a +0 robe (worn)
 w - a +0 helmet (worn)
 z - the +1 pair of gloves of Cac Vaigh (worn) {Dex+6}
   (You found it on level 5 of the Dungeon)

   It affects your dexterity (+6).
Jewellery
 t - an uncursed ring of magical power {unknown}
 v - a +4 ring of evasion {unknown}
 D - an uncursed amulet of the acrobat {unknown}
 E - an uncursed amulet of regeneration {unknown}
Wands
 u - a wand of polymorph (7)
 C - a wand of flame (8)
 H - a wand of digging (4)
 M - a wand of enslavement (8)
 N - a wand of iceblast (7)
Scrolls
 k - a scroll of enchant armour
 m - 3 scrolls of magic mapping {unknown}
 n - a scroll of enchant weapon {unknown}
 s - 3 scrolls of noise {unknown}
 y - 4 scrolls of remove curse {unknown}
 B - a scroll of vulnerability {unknown}
 F - 2 scrolls of amnesia {unknown}
 I - 3 scrolls of fog {unknown}
 J - a scroll of immolation {unknown}
 K - 8 scrolls of teleportation
Potions
 d - 6 potions of brilliance {unknown}
 e - 7 potions of mutation {unknown}
 f - 4 potions of might
 i - 3 potions of flight
 p - 2 potions of ambrosia
 q - 3 potions of attraction {unknown}
 x - a potion of invisibility
 A - 3 potions of curing


   Skills:
 + Level 8.4 Dodging
 - Level 2.1 Stealth
 + Level 9.2 Spellcasting
 - Level 0.7 Transmutations
 * Level 15.8 Earth Magic


You had 14 spell levels left.
You knew the following spells:

 Your Spells              Type           Power        Failure   Level
a - Sandblast             Erth           88%          0%          1
b - Passwall              Tmut/Erth      21%          1%          2
c - Stone Arrow           Conj/Erth      50%          1%          3
d - Petrify               Tmut/Erth      26%          2%          4
e - Lee's Rapid Deconstr  Erth           22%          1%          5

Your spell library contained the following spells:

 Spells                   Type           Power        Failure   Level
 Beastly Appendage        Tmut           14%          6%          1
 Wereblood                Tmut           7%           9%          2
 Poisonous Vapours        Pois/Air       10%          13%         2
 Spider Form              Tmut/Pois      3%           22%         3
 Conjure Flame            Conj/Fire      5%           26%         3
 Mephitic Cloud           Conj/Pois/Air  5%           26%         3
 Ice Form                 Ice/Tmut       6%           58%         4
 Blade Hands              Tmut           3%           88%         5
 Freezing Cloud           Conj/Ice/Air   2%           100%        6


Dungeon Overview and Level Annotations

Branches:
Dungeon (12/15)            Temple (1/1) D:4             Orc (0/2) D:9
Ossuary (visited)
   Lair: D:8-11

Altars:
Ashenzari
Cheibriados
Dithmenos
Elyvilon
Fedhas
Gozag
Hepliaklqana
Kikubaaqudgha
Makhleb
Nemelex Xobeh
Okawaru
Qazlal
Ru
Sif Muna
Trog
Uskayaw
Vehumet
Wu Jian
Xom
Yredelemnul
Zin
The Shining One

Shops:
D:12 (

Annotations:
D:11 exclusion: 2 oklob plants


Innate Abilities, Weirdness & Mutations

You are resistant to torment.
Your stone body is resilient. (AC +8)
You are immune to poison.
You resist negative energy. (rN+)
You are resistant to electric shocks. (rElec)
You can survive without breathing.
You are immune to petrification.
You are immune to miasma.
[Scrolls take you longer to read.]
[You occasionally shout uncontrollably at your foes.]
[Your spells are a little easier to cast, but a little less powerful.]


Message History

Press: ? - help, Dir - move target A rock wall.
The wall shatters!
The blast of rock fragments hits the large abomination!
The large abomination is moderately damaged.
Unknown command.
Unknown command.
Casting: Lee's Rapid Deconstruction (dangerous; 1% risk of failure)
Confirm with . or Enter, or press ? or * to list all spells.
You don't have enough magic to cast that spell.
Unknown command.
Unknown command.
You are confused.
You feel invigorated. The large abomination hits you!
* * * LOW HITPOINT WARNING * * *
You hit the large abomination but do no damage.
The large abomination is moderately damaged.
You feel less invigorated. The large abomination hits you!!
Ouch! That really hurt!
You die...

.###.# .##.P #....# .....# .. ...
#....# .....# #.....# .....# ###
.......# .....# #.# ....#####
###########.# .... ....#.....#.#
+## '####.#...#.######
..........'....X@#
.#........#.###### ......#######
......#....# .###..#....#
^.....'....# ......#....# ##
..##..#..X.# xX###### #########
......#..x.#.xX##...####.......##


You could see a large abomination.

Vanquished Creatures
  Harold (D:7)
  A flayed ghost (D:10)
  Pikel (D:7)
  An obsidian statue (D:11)
  A smoke demon (Abyss:2)
  Joseph (D:9)
  2 trolls
  4 large abominations (D:11)
  A hornet (D:11)
  5 wraiths (D:10)
  A fire bat (D:10)
  10 yaks
  Menkaure (D:4)
  7 small abominations (D:11)
  Duvessa (D:7)
  4 soldier ants (D:7)
  4 water moccasins
  4 orc warriors
  6 sky beasts
  6 ice beasts
  2 black bears (D:9)
  7 ogres
  A lemure (D:7)
  10 centaurs
  3 big kobolds
  Blork the orc (D:5)
  3 elf zombies (Ossuary)
  2 bullfrogs
  Dowan (D:7)
  10 killer bees
  A water moccasin skeleton (D:5)
  5 wights (D:8)
  A howler monkey (D:11)
  2 centaur zombies
  A bullfrog zombie (D:8)
  7 hounds
  4 centaur skeletons
  4 bullfrog skeletons
  A gnoll shaman (D:5)
  8 orc priests
  4 jellies
  3 iguanas
  8 orc wizards
  11 worker ants
  A big kobold zombie (Ossuary)
  A hound skeleton (D:7)
  3 mummies
  A worker ant zombie (D:10)
  12 adders
  7 gnolls
  2 shadow imps
  2 white imps
  An ufetubus (D:4)
  3 adder zombies
  2 adder skeletons (D:4)
  4 worms (D:2)
  6 dart slugs
  7 leopard geckos
  31 orcs
  2 ball pythons
  19 bats
  5 giant cockroaches
  16 goblins
  3 hobgoblins (D:1)
  6 jackals
  3 quokkas
  6 frilled lizards
  13 hobgoblin zombies (Ossuary)
  A jackal zombie (Ossuary)
  23 kobolds
  11 kobold zombies (Ossuary)
  A leopard gecko skeleton (D:4)
  6 orc zombies (Ossuary)
  2 quokka skeletons
  6 rats
368 creatures vanquished.

Vanquished Creatures (others)
  A sky beast (D:12)
  A jelly (D:8)
  An orc priest (D:8)
  2 orc wizards
  An orc (D:8)
  26 plants
32 creatures vanquished.

Grand Total: 400 creatures vanquished

Notes
Turn   | Place    | Note
-------+----------+-------------------------------------------
     0 | D:1      | Zeld the Gargoyle Earth Elementalist began the quest for
                  | the Orb.
     0 | D:1      | Reached XP level 1. HP: 10/10 MP: 3/3
   261 | D:1      | Reached skill level 4 in Earth Magic
   261 | D:1      | Reached XP level 2. HP: 13/15 MP: 1/5
   428 | D:1      | Learned a level 2 spell: Passwall
   676 | D:1      | Reached XP level 3. HP: 19/19 MP: 4/6
   680 | D:1      | Learned a level 3 spell: Stone Arrow
   783 | D:2      | Found a blossoming altar of Fedhas.
  1333 | D:2      | Reached XP level 4. HP: 23/24 MP: 3/7
  1648 | D:2      | Reached skill level 5 in Earth Magic
  2514 | D:3      | Reached XP level 5. HP: 28/28 MP: 6/9
  2647 | D:3      | Found a glowing silver altar of Zin.
  2647 | D:3      | Found a hide-covered altar of Uskayaw.
  2734 | D:3      | Learned a level 4 spell: Petrify
  2853 | D:3      | Found a glowing golden altar of the Shining One.
  3499 | D:4      | Noticed an ogre
  3505 | D:4      | Killed an ogre
  3506 | D:4      | Reached skill level 6 in Earth Magic
  3506 | D:4      | Reached XP level 6. HP: 6/32 MP: 0/11
  3896 | D:4      | Found a transporter.
  3897 | D:4      | Noticed an ice beast
  3898 | D:4      | Noticed an ice beast
  3899 | D:4      | Noticed an ice beast
  3913 | D:4      | Found a basalt altar of Yredelemnul.
  4092 | D:4      | Noticed Menkaure
  4097 | D:4      | Killed Menkaure
  4098 | D:4      | Reached skill level 7 in Earth Magic
  4098 | D:4      | Reached XP level 7. HP: 36/36 MP: 0/12
  4306 | D:4      | Found a transporter.
  4657 | D:4      | Found a staircase to the Ecumenical Temple.
  4666 | Temple   | Entered the Ecumenical Temple
  4671 | Temple   | Became a worshipper of Sif Muna the Loreminder
  4976 | D:5      | Entered Level 5 of the Dungeon
  5144 | D:5      | Reached skill level 8 in Earth Magic
  5249 | D:5      | Reached XP level 8. HP: 37/41 MP: 8/14
  5255 | D:5      | Learned a level 5 spell: Lee's Rapid Deconstruction
  6024 | D:5      | Reached skill level 9 in Earth Magic
  6041 | D:5      | Got a pair of twisted gloves
  6047 | D:5      | Identified the +1 pair of gloves of Cac Vaigh {Dex+6} (You
                  | found it on level 5 of the Dungeon)
  6235 | D:5      | Noticed Blork the orc
  6239 | D:5      | Killed Blork the orc
  6373 | D:5      | Reached skill level 5 in Spellcasting
  6470 | D:5      | Reached * piety under Sif Muna
  6534 | D:5      | Found a bloodstained altar of Trog.
  6799 | D:6      | Found a sand-covered staircase.
  6805 | Ossuary  | Entered an ossuary
  8321 | Ossuary  | Reached skill level 10 in Earth Magic
  8321 | Ossuary  | Reached XP level 9. HP: 21/45 MP: 0/17
  8670 | D:6      | Reached skill level 5 in Dodging
  8936 | D:6      | Reached ** piety under Sif Muna
  9856 | D:7      | Noticed Harold
  9858 | D:7      | Found an ornate altar of the Wu Jian Council.
  9866 | D:7      | Killed Harold
  9867 | D:7      | Reached skill level 11 in Earth Magic
 10061 | D:7      | Found a runed translucent gate.
 10071 | D:7      | Found a runed translucent gate.
 10071 | D:7      | Found a runed translucent gate.
 10130 | D:7      | Found a runed translucent door.
 10144 | D:7      | Found the +9 staff of Olgreb {rPois∞}
 10145 | D:7      | Noticed Duvessa
 10147 | D:7      | Noticed Dowan
 10150 | D:7      | Killed Duvessa
 10481 | D:7      | Killed Dowan
 10609 | D:7      | Found a runed translucent door.
 10930 | D:7      | Noticed Pikel
 10939 | D:7      | Killed Pikel
 10940 | D:7      | Reached skill level 12 in Earth Magic
 10940 | D:7      | Reached XP level 10. HP: 47/50 MP: 6/20
 12197 | D:4      | Reached skill level 13 in Earth Magic
 14935 | D:9      | Found a staircase to the Orcish Mines.
 15110 | D:9      | Reached *** piety under Sif Muna
 15129 | D:9      | Found a bloodstained altar of Trog.
 15551 | D:9      | Reached XP level 11. HP: 54/54 MP: 9/22
 16645 | D:9      | Noticed Joseph
 16649 | D:9      | Killed Joseph
 16832 | D:10     | Entered Level 10 of the Dungeon
 16864 | D:10     | Reached skill level 14 in Earth Magic
 17954 | D:10     | Found a runed translucent door.
 18022 | D:10     | Found a sparkling altar of Nemelex Xobeh.
 18115 | D:10     | Found a shimmering blue altar of Sif Muna.
 18172 | D:10     | Found an iron altar of Okawaru.
 18199 | D:10     | Found a hazy altar of Hepliaklqana.
 18521 | D:10     | Found a hazy altar of Hepliaklqana.
 18668 | D:10     | Found an ancient bone altar of Kikubaaqudgha.
 18886 | D:10     | Reached **** piety under Sif Muna
 19652 | D:10     | Noticed a flayed ghost
 19678 | D:10     | Killed a flayed ghost
 20123 | D:11     | Noticed a wizard
 20133 | D:11     | Cast into level 2 of the Abyss (a wizard)
 20206 | Abyss:2  | Reached skill level 15 in Earth Magic
 20235 | Abyss:2  | Noticed a wretched star
 20238 | D:11     | Escaped the Abyss
 20258 | D:12     | Noticed a white ugly thing
 20260 | D:12     | Found Hyihyuv's Antique Weapon Boutique.
 20261 | D:12     | Cast into level 3 of the Abyss (a wizard)
 20467 | Abyss:3  | Noticed a wretched star
 20474 | D:12     | Escaped the Abyss
 20898 | D:12     | Noticed a cyclops
 21727 | D:11     | Noticed an oklob plant
 21730 | D:11     | Noticed an oklob plant
 22533 | D:11     | HP: 1/37 [acid (13)]
 23066 | D:11     | Noticed an obsidian statue
 23070 | D:11     | Killed an obsidian statue
 23227 | D:11     | Reached XP level 12. HP: 25/53 MP: 18/25
 24130 | D:11     | Mangled by a large abomination

Illustrated notes

Levels and vault maps discovered:
D:1:      dpeg_arrival_tiny_a, layout_basic, chequers_jeans,
          chequers_decorated_corner
D:2:      minmay_diamond_boxcup, layout_basic, lemuel_crystal_altar,
          serial_bayou, serial_bayou_pond_a, serial_bayou_pond_c,
          serial_bayou_shore_a, serial_bayou_pond_d, serial_bayou_pond_e,
          serial_bayou_ford_a, chequers_arboretum
D:3:      layout_basic, tso_metal_star, gammafunk_temple_overflow_wave,
          minmay_misc_feat_ornament, dk_noncrumbling_2
D:4:      gammafunk_cloud_chamber, layout_loops_cross,
          yredelemnul_altar_generic, minmay_temple_entry_proselytizer,
          minmay_unequal, uniq_menkaure
D:5:      layout_loops_ring, trog_hazing_becter, uniq_blork_the_orc
D:6:      layout_basic, gup_ossuary_entry_pyramid, lemuel_flamethrower_1
D:7:      layout_loops_corners, pdpol_wu_jian_five_deadly_venoms,
          minmay_guarded_unrand_staff_of_olgreb, uniq_pikel, uniq_duvessa,
          uniq_harold
D:8:      layout_loops_cross, lemuel_flamethrower_2
D:9:      layout_roguey, trog_ov_bears_minmay, orc_david_3, minmay_misc_feat_x,
          st_stairs_6, uniq_joseph
D:10:     due_megacathedral, layout_irregular_city
D:11:     layout_stronghold, dpeg_oklobed_lair, minivault_16, laboratory
D:12:     layout_rooms, serial_shops, shop_fountains
Temple:   minmay_freezing_vapour_temple

Skill      XL: |  1  2  3  4  5  6  7  8  9 10 11 |
---------------+----------------------------------+-----
Earth Magic    | 4 5 6 7 8 10 12 13 15 | 15.8
Dodging        | 2 3 4 6 7 8 |  8.4
Spellcasting   | 3 4 5 6 7 9 |  9.2
Stealth        | |  2.1
Transmutations | |  0.7

Action                   |  1- 3 |  4- 6 |  7- 9 | 10-12 || total
-------------------------+-------+-------+-------+-------++-------
Melee: Unarmed           |    35 |    11 |   377 |   156 ||   579
       Quarterstaff      |       |       |       |    48 ||    48
 Cast: Sandblast         |    50 |    77 |    75 |    58 ||   260
       Stone Arrow       |       |     9 |   107 |   237 ||   353
       Lee's Rapid Decon |       |       |       |    59 ||    59
       Petrify           |       |       |       |     9 ||     9
Invok: Channel Magic     |       |       |       |     2 ||     2
Evoke: Wand              |       |     1 |     9 |    12 ||    22
  Use: Scroll            |       |       |       |    13 ||    13
       Potion            |       |       |       |    13 ||    13
 Stab: Petrified         |       |       |       |     3 ||     3
Armor: Robe              |    16 |    16 |   135 |   188 ||   355
Dodge: Dodged            |    45 |    22 |   276 |   399 ||   742
